 Dungeon Crawl Stone Soup version 0.29-a0-451-gfbfa42419e (webtiles) character file.

Game seed: 7633704882868582086

135 dabmancer the Magician (level 5, 0/27 HPs)
             Began as an Octopode Hedge Wizard on May 19, 2022.
             Slain by a gnoll
             ... wielding a +0 halberd
              (11 damage)
             ... on level 3 of the Dungeon.
             The game lasted 00:32:42 (4657 turns).

dabmancer the Magician (Octopode Hedge Wizard)      Turns: 4657, Time: 00:32:47

Health: 0/27       AC:  3    Str:  9    XL:     5   Next: 18%
Magic:  9/11       EV: 13    Int: 19    God:
Gold:   78         SH:  0    Dex: 11    Spells: 6/12 levels left

rFire   + . .      SeeInvis .   i - +2 whip (venom)
rCold   . . .      Faith    .   (no shield)
rNeg    . . .      Spirit   .   l - +2 hat
rPois   .          Reflect  .   (no amulet)
rElec   .          Harm     .   (no ring)
rCorr   .          Rampage  .   (no ring)
Will    .....                   (no ring)
Stlth   +++.......              (no ring)
HPRegen 0.09/turn               (no ring)
MPRegen 0.12/turn               (no ring)
                                (no ring)
                                (no ring)

@: no status effects
A: almost no armour, amphibious, 8 rings, camouflage 1, gelatinous body 1,
(nimble swimmer 1), tentacles, fire resistance 1, frail 1, screaming 1
a: no special abilities


You were on level 3 of the Dungeon.
You visited 1 branch of the dungeon, and saw 3 of its levels.

You collected 78 gold pieces.

Inventory:

Hand Weapons
 a - a +0 dagger
 d - a +0 dagger of electrocution
 h - a +0 hand axe of venom
 i - a +2 whip of venom (weapon)
 k - a +0 mace
 q - a +0 hunting sling
Missiles
 f - 101 stones
Armour
 b - a +1 hat
 j - a +0 leather armour
 l - a +2 hat (worn)
 m - a +0 ring mail
 n - a +0 chain mail
 r - a +1 helmet
Magical Staves
 g - a staff of poison
Scrolls
 o - a scroll of identify {unknown}
Potions
 c - a potion of magic
 e - 2 potions of brilliance
 p - 2 potions of curing


   Skills:
 + Level 0.1 Axes
 + Level 2.5 Dodging
 + Level 4.1 Stealth
 + Level 4.4 Spellcasting
 + Level 1.8 Conjurations
 + Level 1.0 Summonings
 + Level 1.0 Translocations


You had 6 spell levels left.
You knew the following spells:

 Your Spells              Type           Power      Damage    Failure   Level
a - Magic Dart            Conj           44%        1d5       6%          1
b - Blink                 Tloc           16%        N/A       13%         2
c - Conjure Flame         Conj/Fire      7%         6-21      26%         3

Your spell library contained the following spells:

 Spells                   Type           Power      Damage    Failure   Level
 Shock                    Conj/Air       28%        1d4       9%          1
 Slow                     Hex            16%        N/A       13%         1
 Sting                    Tmut/Pois      16%        1d3       13%         1
 Call Imp                 Summ           8%         N/A       13%         2
 Poisonous Vapours        Pois/Air       8%         N/A       21%         2
 Mephitic Cloud           Conj/Pois/Air  6%         N/A       30%         3
 Swiftness                Air            4%         N/A       36%         3
 Airstrike                Air            2%         N/A       78%         4
 Olgreb's Toxic Radiance  Pois           4%         N/A       78%         4


Dungeon Overview and Level Annotations

Branches:
Dungeon (3/15)

Altars:
Elyvilon


Innate Abilities, Weirdness & Mutations

You cannot wear most types of armour.
You are amphibious.
You can wear up to eight rings at the same time.
Your skin changes colour to match your surroundings (Stealth+).
Your rubbery body absorbs attacks. (AC +1, EV +1)
((You are camouflaged when in or above water. (Stealth+)))
You have tentacles for arms and can constrict up to eight enemies at once.
Your flesh is heat resistant. (rF+)
You are frail. (-10% HP)
You occasionally shout uncontrollably at your foes.


Message History

You hit the gnoll. You squeeze the gnoll.
The gnoll is almost dead.
You constrict the gnoll, but do no damage.
The gnoll hits you but does no damage.
You hit the gnoll.
You kill the gnoll!
The gnoll misses you.
The magic dart hits the gnoll.
The gnoll is moderately wounded.
The gnoll hits you from afar with a +0 halberd!
You are too injured to fight recklessly!
You are too injured to fight recklessly!
You are too injured to fight recklessly!
Aiming: Magic Dart (safe; 6% risk of failure)
Press: ? - help, Q - select action, (/) - cycle Shift-Dir - straight line, f/p - gnoll
Aim: a gnoll, wielding a +0 halberd (moderately wounded, 100% to hit)
Okay, then.
Casting: Magic Dart (safe; 6% risk of failure)
Confirm with . or Enter, or press ? or * to list all spells.
You don't know that spell.
Casting: Magic Dart (safe; 6% risk of failure)
Confirm with . or Enter, or press ? or * to list all spells.
Okay, then.
Press: ? - help, v - describe, . - travel, g - get item
Items here: a +0 flail; a throwing net; a +0 club.
The floor, spattered with blood.
Casting: Magic Dart (safe; 6% risk of failure)
Confirm with . or Enter, or press ? or * to list all spells.
You don't know that spell.
Unknown command.
Casting: Magic Dart (safe; 6% risk of failure)
Confirm with . or Enter, or press ? or * to list all spells.
Aiming: Magic Dart (safe; 6% risk of failure)
Press: ? - help, Shift-Dir - straight line, f/p - gnoll
Aim: a gnoll, wielding a +0 halberd (moderately wounded, 100% to hit)
The magic dart hits the gnoll.
The gnoll is heavily wounded.
You hear the rusting of a drain nearby.
The gnoll hits you from afar with a +0 halberd!
You die...

# # #.###.
.#.#.#g#
.#.#.#.#)##
.#.#.#.#.#@#
.#.#.#.#.#.##
##.#.#.#.#.#.#
..#.#.#.#.#.##
#.#.#.#.#.#.#
#.#.#.#.#.##
#.#.#.#.#.#
#.#.#.#.##
.#.#.#.#.####
#.#


You could see a gnoll.

Vanquished Creatures
  6 adders
  2 gnolls (D:3)
  4 orcs (D:3)
  3 bats
  9 endoplasms
  3 giant cockroaches
  6 goblins
  4 hobgoblins
  2 jackals (D:1)
  2 quokkas
  5 ball pythons
  3 frilled lizards
  4 kobolds (D:2)
  4 rats
57 creatures vanquished.

Notes
Turn   | Place    | Note
-------+----------+-------------------------------------------
     0 | D:1      | dabmancer the Octopode Hedge Wizard began the quest for the
                  | Orb.
     0 | D:1      | Reached XP level 1. HP: 11/11 MP: 4/4
   529 | D:1      | Gained mutation: You occasionally shout uncontrollably at
                  | your foes. [potion of mutation]
   529 | D:1      | Gained mutation: Your flesh is heat resistant. (rF+)
                  | [potion of mutation]
   529 | D:1      | Gained mutation: You are frail. (-10% HP) [potion of
                  | mutation]
   765 | D:1      | Reached XP level 2. HP: 15/15 MP: 1/6
  1711 | D:1      | Reached XP level 3. HP: 18/18 MP: 2/8
  2532 | D:2      | Reached XP level 4. HP: 19/24 MP: 1/9
  2867 | D:2      | Learned a level 2 spell: Blink
  2871 | D:2      | Learned a level 3 spell: Conjure Flame
  3603 | D:2      | Found a white marble altar of Elyvilon.
  4503 | D:3      | Reached XP level 5. HP: 17/27 MP: 5/11
  4657 | D:3      | Slain by a gnoll

Illustrated notes

Levels and vault maps discovered:
D:1:      dpeg_arrival_tiny_i, layout_basic
D:2:      layout_loops_ring, basic_altar, grunt_ministairs_5,
          minmay_randomly_rotated_circles
D:3:      layout_loops_ring, portal_sewer_entry_a, minivault_23,
          dk_noncrumbling_4, minmay_misc_feat_hallway

Skill      XL: |  1  2  3  4  5 |
---------------+----------------+-----
Stealth        | 3 4 |  4.1
Spellcasting   | 4 |  4.4
Axes           | |  0.1
Dodging        | |  2.5
Conjurations   | |  1.8
Summonings     | |  1.0
Translocations | |  1.0

Action                   |  1- 3 |  4- 6 || total
-------------------------+-------+-------++-------
Melee: Hand axe          |    14 |    13 ||    27
       Constrict         |     5 |    10 ||    15
       Tentacles         |     2 |     6 ||     8
       Whip              |       |    14 ||    14
       Staff             |       |     7 ||     7
       Punch             |       |     1 ||     1
Throw: Stone             |       |     2 ||     2
 Cast: Magic Dart        |    64 |    49 ||   113
       Conjure Flame     |       |     1 ||     1
  Use: Potion            |     3 |     2 ||     5
       Scroll            |     2 |       ||     2
Armor: Skin              |     4 |     5 ||     9
Dodge: Dodged            |    14 |    31 ||    45

Table legend: (Time is in decaauts)
 A = Elapsed time spent in this place.
 B = Non-inter-level travel time spent in this place.
 C = Inter-level travel time spent in this place.
 D = Time resting spent in this place.
 E = Time spent auto-exploring this place.
 F = Levels seen in this place.
 G = Mean time per level.
                   A        B        C        D        E       F      G
               +--------+--------+--------+--------+--------+-----+--------+
         Total |   4663 |   4472 |    191 |   2370 |   1337 |   3 | 1554.3 |
       Dungeon |   4663 |   4472 |    191 |   2370 |   1337 |   3 | 1554.3 |
               +--------+--------+--------+--------+--------+-----+--------+

Top non-repeatable levels by time:
     D:2: 2316 daAuts
     D:1: 2144 daAuts
     D:3: 202 daAuts
